| TOP OF THE 1ST |
|
Iowa Cubs batting - Pitching for Memphis Redbirds : RHP David Murphy
|
|
Pitching: RHP David Murphy
|
|
|
Batting: RHB Jason Ostrom
|
0-0: Ball 1-0: Called Strike 1-1: Ball 2-1: Ball 3-1: Base on Balls
|
|
Batting: SHB Art Kent
|
0-0: Ball 1-0: Ball 2-0: Ball 3-0: Called Strike 3-1: Grounds into double play, 4-6-3 (Groundball, 4, EV 93.1 MPH)
|
|
Batting: RHB Kaeo Zirpoli
|
0-0: Ball 1-0: Called Strike 1-1: Swinging Strike 1-2: Strikes out swinging
|
| Top of the 1st over - 0 runs, 0 hits, 0 errors, 0 left on base; Iowa 0 - Memphis 0 |
| BOTTOM OF THE 1ST |
|
Memphis Redbirds batting - Pitching for Iowa Cubs : RHP Rashid bin Ala'
|
|
Pitching: RHP Rashid bin Ala'
|
|
|
Batting: RHB Rick O'Reilly
|
0-0: Ball 1-0: Ball 2-0: Swinging Strike 2-1: SOLO HOME RUN (Line Drive, 7D, EV 96.2 MPH), Distance : 376 ft
|
|
Batting: RHB Danny Gallo
|
0-0: Fly out, F9 (Line Drive, 9, EV 95.6 MPH)
|
|
Batting: LHB Tim Olsen
|
0-0: Ball 1-0: Ball 2-0: Ground out 4-3 (Groundball, 4, EV 84.4 MPH)
|
|
Batting: RHB Klaas Meij
|
0-0: Foul Ball, location: 2F 0-1: Ball 1-1: Ball 2-1: Ground out 4-3 (Groundball, 4, EV 85.6 MPH)
|
| Bottom of the 1st over - 1 run, 1 hit, 0 errors, 0 left on base; Iowa 0 - Memphis 1 |
| TOP OF THE 2ND |
|
Iowa Cubs batting - Pitching for Memphis Redbirds : RHP David Murphy
|
|
Batting: RHB Adam O'Hare
|
0-0: Swinging Strike 0-1: Swinging Strike 0-2: Ball 1-2: Strikes out swinging
|
|
Batting: RHB Pat Barton
|
0-0: Ground out 4-3 (Groundball, 4D, EV 85.6 MPH)
|
|
Batting: RHB Andy Wasierski
|
0-0: Called Strike 0-1: Ball 1-1: Ground out 5-3 (Groundball, 56S, EV 79.4 MPH)
|
| Top of the 2nd over - 0 runs, 0 hits, 0 errors, 0 left on base; Iowa 0 - Memphis 1 |
| BOTTOM OF THE 2ND |
|
Memphis Redbirds batting - Pitching for Iowa Cubs : RHP Rashid bin Ala'
|
|
Batting: LHB Ronnie Ashley
|
0-0: Called Strike 0-1: Ball 1-1: Ball 2-1: Foul Ball, location: 2F 2-2: Fly out, F4 (Line Drive, 4, EV 56.9 MPH)
|
|
Batting: SHB Dan Hill
|
0-0: Ball 1-0: Foul Ball, location: 2F 1-1: Fly out, F8 (Flyball, 8LXD, EV 103.8 MPH)
|
|
Batting: RHB Travis Leonard
|
0-0: Swinging Strike 0-1: Ball 1-1: Ball 2-1: Ball 3-1: Called Strike 3-2: SINGLE (Flyball, 3D, EV 94.4 MPH)
|
|
Batting: RHB John Parra
|
0-0: Ball Travis Leonard steals 2nd, throwing error, E2 Travis Leonard to third 1-0: Ground out 6-3 (Groundball, 6S, EV 77.5 MPH)
|
| Bottom of the 2nd over - 0 runs, 1 hit, 1 error, 1 left on base; Iowa 0 - Memphis 1 |
| TOP OF THE 3RD |
|
Iowa Cubs batting - Pitching for Memphis Redbirds : RHP David Murphy
|
|
Batting: RHB Brian Gargis
|
0-0: Ball 1-0: Ground out U3 (Groundball, 34S, EV 84.4 MPH)
|
|
Batting: RHB Adam Kelliher
|
0-0: Ball 1-0: Swinging Strike 1-1: Foul Ball, location: 2F 1-2: Ground out 4-3 (Groundball, 4, EV 82.5 MPH)
|
|
Batting: SHB Nick Chandler
|
0-0: Ball 1-0: Swinging Strike 1-1: Ball 2-1: Foul Ball, location: 2F 2-2: DOUBLE (Line Drive, 89D, EV 102.5 MPH)
|
|
Batting: RHB Jason Ostrom
|
0-0: Foul Ball, location: 2F 0-1: Ball 1-1: Fly out, F4 (Popup, 34, EV 68.1 MPH)
|
| Top of the 3rd over - 0 runs, 1 hit, 0 errors, 1 left on base; Iowa 0 - Memphis 1 |
| BOTTOM OF THE 3RD |
|
Memphis Redbirds batting - Pitching for Iowa Cubs : RHP Rashid bin Ala'
|
|
Batting: RHB Jason Gee
|
0-0: Called Strike 0-1: Ball 1-1: Ball 2-1: Foul Ball, location: 2F 2-2: Hit by Pitch
|
|
Batting: RHB Rick O'Reilly
|
0-0: Swinging Strike 0-1: Ball Wild Pitch! Jason Gee to second 1-1: Ball 2-1: Ball 3-1: Base on Balls
|
|
Batting: RHB Danny Gallo
|
0-0: Ball Wild Pitch! Jason Gee to third Rick O'Reilly to second 1-0: Swinging Strike 1-1: Ball 2-1: Swinging Strike 2-2: Foul Ball, location: 2F 2-2: Fly out, F8 (Flyball, 8RD, EV 103.1 MPH) Runner from 3rd tags up, SCORES, throw by CF
|
|
Batting: LHB Tim Olsen
|
0-0: Foul Ball, location: 2F 0-1: Ball 1-1: Ball Rick O'Reilly steals 3rd base 2-1: Swinging Strike Passed Ball! Rick O'Reilly scores 2-2: SINGLE (Groundball, 4MD, EV 95.6 MPH)
|
|
Pitching: RHP Devin Ward
|
|
|
Batting: RHB Klaas Meij
|
0-0: Ball 1-0: Called Strike 1-1: Ball 2-1: SINGLE (Groundball, P, EV 86.9 MPH) (infield hit) Tim Olsen to second
|
|
Batting: LHB Ronnie Ashley
|
0-0: Foul Ball, location: 2F 0-1: Ball 1-1: Ball 2-1: Ball 3-1: Grounds into double play, 4-6-3 (Groundball, 4S, EV 86.2 MPH)
|
| Bottom of the 3rd over - 2 runs, 2 hits, 0 errors, 1 left on base; Iowa 0 - Memphis 3 |
| TOP OF THE 4TH |
|
Iowa Cubs batting - Pitching for Memphis Redbirds : RHP David Murphy
|
|
Batting: SHB Art Kent
|
0-0: Called Strike 0-1: Ball 1-1: Called Strike 1-2: Strikes out swinging
|
|
Batting: RHB Kaeo Zirpoli
|
0-0: Called Strike 0-1: Ball 1-1: Ball 2-1: Foul Ball, location: 2F 2-2: Foul Ball, location: 2F 2-2: Foul Ball, location: 2F 2-2: Fly out, F9 (Flyball, 89S, EV 83.8 MPH)
|
|
Batting: RHB Adam O'Hare
|
0-0: Ball 1-0: Ball 2-0: Ground out 6-3 (Groundball, 6, EV 113.1 MPH)
|
| Top of the 4th over - 0 runs, 0 hits, 0 errors, 0 left on base; Iowa 0 - Memphis 3 |
| BOTTOM OF THE 4TH |
|
Memphis Redbirds batting - Pitching for Iowa Cubs : RHP Devin Ward
|
|
Batting: SHB Dan Hill
|
0-0: Called Strike 0-1: Fly out, F8 (Flyball, 8LS, EV 90.0 MPH)
|
|
Batting: RHB Travis Leonard
|
0-0: Ball 1-0: Fly out, F7 (Line Drive, 78M, EV 91.2 MPH)
|
|
Batting: RHB John Parra
|
0-0: Ball 1-0: Ball 2-0: Ball 3-0: Called Strike 3-1: Fly out, F9 (Flyball, 9S, EV 82.5 MPH)
|
| Bottom of the 4th over - 0 runs, 0 hits, 0 errors, 0 left on base; Iowa 0 - Memphis 3 |
| TOP OF THE 5TH |
|
Iowa Cubs batting - Pitching for Memphis Redbirds : RHP David Murphy
|
|
Batting: RHB Pat Barton
|
0-0: Ball 1-0: Ball 2-0: Called Strike 2-1: Ball 3-1: Foul Ball, location: 2F 3-2: Base on Balls
|
|
Batting: RHB Andy Wasierski
|
0-0: Ball 1-0: Called Strike 1-1: Grounds into double play, 4-6-3 (Groundball, 4, EV 80.6 MPH)
|
|
Batting: RHB Brian Gargis
|
0-0: Ball 1-0: Ground out 5-3 (Groundball, 5, EV 98.1 MPH)
|
| Top of the 5th over - 0 runs, 0 hits, 0 errors, 0 left on base; Iowa 0 - Memphis 3 |
| BOTTOM OF THE 5TH |
|
Memphis Redbirds batting - Pitching for Iowa Cubs : RHP Devin Ward
|
|
Batting: RHB Jason Gee
|
0-0: SINGLE (Groundball, 6, EV 93.8 MPH)
|
|
Batting: RHB Rick O'Reilly
|
0-0: Called Strike 0-1: Ball 1-1: Called Strike 1-2: Ball 2-2: Foul Ball, location: 2F 2-2: Foul Ball, location: 2F 2-2: Fly out, F7 (Flyball, 78D, EV 101.9 MPH) Runner from 1st tags up, SAFE at 2nd
|
|
Batting: RHB Danny Gallo
|
0-0: Called Strike 0-1: Ball 1-1: Ball 2-1: Fly out, F7 (Flyball, 78M, EV 85.0 MPH)
|
|
Batting: LHB Tim Olsen
|
0-0: Called Strike 0-1: Ball 1-1: Foul Ball, location: 2F 1-2: Foul Ball, location: 2F 1-2: Fly out, F3 (Popup, 34, EV 63.1 MPH)
|
| Bottom of the 5th over - 0 runs, 1 hit, 0 errors, 1 left on base; Iowa 0 - Memphis 3 |
| TOP OF THE 6TH |
|
Iowa Cubs batting - Pitching for Memphis Redbirds : RHP David Murphy
|
|
Batting: RHB Adam Kelliher
|
0-0: SINGLE (Groundball, 34S, EV 76.2 MPH) (infield hit)
|
|
Batting: SHB Nick Chandler
|
0-0: Swinging Strike 0-1: Reached on error, E6 (Groundball, 6, EV 87.5 MPH) Adam Kelliher to second
|
|
Batting: RHB Jason Ostrom
|
0-0: Called Strike 0-1: DOUBLE (Line Drive, 7LM, EV 111.9 MPH) Adam Kelliher scores Nick Chandler to third
|
|
Batting: SHB Art Kent
|
0-0: Called Strike 0-1: Ball 1-1: Foul Ball, location: 2F 1-2: Strikes out swinging
|
|
Batting: RHB Kaeo Zirpoli
|
0-0: SINGLE (Flyball, 3D, EV 95.0 MPH) Nick Chandler scores Jason Ostrom to third
|
|
Batting: RHB Adam O'Hare
|
0-0: Ball 1-0: Called Strike 1-1: Ball 2-1: Ball 3-1: Ground out 5-3 (Groundball, 56S, EV 82.5 MPH) Kaeo Zirpoli to second
|
|
Batting: RHB Pat Barton
|
0-0: Ball 1-0: Ball 2-0: Fly out, F3 (Popup, 34S, EV 71.2 MPH)
|
| Top of the 6th over - 2 runs, 3 hits, 1 error, 2 left on base; Iowa 2 - Memphis 3 |
| BOTTOM OF THE 6TH |
|
Memphis Redbirds batting - Pitching for Iowa Cubs : RHP Devin Ward
|
|
Batting: RHB Klaas Meij
|
0-0: Ball 1-0: Foul Ball, location: 2F 1-1: Swinging Strike 1-2: Ground out 5-3 (Groundball, 5S, EV 89.4 MPH)
|
|
Batting: LHB Ronnie Ashley
|
0-0: Swinging Strike 0-1: Foul Ball, location: 2F 0-2: Ball 1-2: Ball 2-2: Strikes out swinging
|
|
Batting: SHB Dan Hill
|
0-0: Ball 1-0: Ball 2-0: Foul Ball, location: 2F 2-1: Foul Ball, location: 2F 2-2: Foul Ball, location: 2F 2-2: Foul Ball, location: 2F 2-2: Foul Ball, location: 2F 2-2: Foul Ball, location: 2F 2-2: Foul Ball, location: 2F 2-2: Fly out, F7 (Flyball, 7, EV 91.2 MPH)
|
| Bottom of the 6th over - 0 runs, 0 hits, 0 errors, 0 left on base; Iowa 2 - Memphis 3 |
| TOP OF THE 7TH |
|
Iowa Cubs batting - Pitching for Memphis Redbirds : RHP David Murphy
|
|
Batting: RHB Andy Wasierski
|
0-0: SINGLE (Groundball, 4, EV 105.6 MPH)
|
|
Batting: RHB Brian Gargis
|
0-0: Sac Bunt to 25 - play at first, batter OUT! 5-3 Andy Wasierski to second
|
|
Batting: RHB Adam Kelliher
|
0-0: Ball 1-0: Ball 2-0: Swinging Strike 2-1: Ground out 5-3 (Groundball, 56S, EV 85.0 MPH)
|
|
Batting: SHB Nick Chandler
|
0-0: Foul Ball, location: 2F 0-1: Ball 1-1: Ball 2-1: Swinging Strike 2-2: Strikes out swinging
|
| Top of the 7th over - 0 runs, 1 hit, 0 errors, 1 left on base; Iowa 2 - Memphis 3 |
| BOTTOM OF THE 7TH |
|
Memphis Redbirds batting - Pitching for Iowa Cubs : RHP Devin Ward
|
|
Pitching: RHP Chris Allen
|
|
|
Batting: RHB Travis Leonard
|
0-0: Called Strike 0-1: Ground out 6-3 (Groundball, 56, EV 85.6 MPH)
|
|
Batting: RHB John Parra
|
0-0: Foul Ball, location: 2F 0-1: Ball 1-1: Ball 2-1: Foul Ball, location: 2F 2-2: Ball 3-2: SINGLE (Line Drive, 56D, EV 98.8 MPH)
|
|
Batting: RHB Jason Gee
|
0-0: Foul Ball, location: 2F 0-1: Foul Ball, location: 2F 0-2: Fly out, F7 (Flyball, 7, EV 84.4 MPH)
|
|
Batting: RHB Rick O'Reilly
|
0-0: Ball 1-0: Called Strike 1-1: Foul Ball, location: 2F 1-2: Hit by Pitch John Parra to second
|
|
Batting: RHB Danny Gallo
|
0-0: Ball 1-0: Ball 2-0: Called Strike 2-1: Ball 3-1: Base on Balls John Parra to third Rick O'Reilly to second
|
|
Batting: LHB Tim Olsen
|
0-0: Swinging Strike 0-1: Foul Ball, location: 2F 0-2: Foul Ball, location: 2F 0-2: Foul Ball, location: 2F 0-2: Foul Ball, location: 2F 0-2: Strikes out looking
|
| Bottom of the 7th over - 0 runs, 1 hit, 0 errors, 3 left on base; Iowa 2 - Memphis 3 |
| TOP OF THE 8TH |
|
Iowa Cubs batting - Pitching for Memphis Redbirds : RHP David Murphy
|
|
Batting: RHB Jason Ostrom
|
0-0: Swinging Strike 0-1: Ground out 3-1 (Groundball, 34, EV 85.6 MPH)
|
|
Batting: SHB Art Kent
|
0-0: Foul Ball, location: 2F 0-1: Called Strike 0-2: Ball 1-2: Ball 2-2: Fly out, F8 (Flyball, 8RXD, EV 93.1 MPH)
|
|
Batting: RHB Kaeo Zirpoli
|
0-0: Ball 1-0: Ground out 4-3 (Groundball, 4, EV 101.9 MPH)
|
| Top of the 8th over - 0 runs, 0 hits, 0 errors, 0 left on base; Iowa 2 - Memphis 3 |
| BOTTOM OF THE 8TH |
|
Memphis Redbirds batting - Pitching for Iowa Cubs : RHP Chris Allen
|
|
Batting: RHB Klaas Meij
|
0-0: SOLO HOME RUN (Flyball, 7LD, EV 93.1 MPH), Distance : 340 ft
|
|
Batting: LHB Ronnie Ashley
|
0-0: Ball 1-0: Called Strike 1-1: Foul Ball, location: 2F 1-2: Strikes out swinging, 2-3 out at first.
|
|
Batting: SHB Dan Hill
|
0-0: Ball 1-0: Ball 2-0: Foul Ball, location: 2F 2-1: Foul Ball, location: 2F 2-2: Ground out 6-3 (Groundball, 6, EV 99.4 MPH)
|
|
Batting: RHB Travis Leonard
|
0-0: Ball 1-0: Foul Ball, location: 2F 1-1: SINGLE (Groundball, 6MD, EV 103.8 MPH)
|
|
Batting: RHB John Parra
|
0-0: Ball Travis Leonard steals 2nd base (no throw) 1-0: Swinging Strike 1-1: Ball Wild Pitch! Travis Leonard to third 2-1: Swinging Strike 2-2: Foul Ball, location: 2F 2-2: Ball Passed Ball! Travis Leonard scores 3-2: Strikes out swinging
|
| Bottom of the 8th over - 2 runs, 2 hits, 0 errors, 0 left on base; Iowa 2 - Memphis 5 |
| TOP OF THE 9TH |
|
Iowa Cubs batting - Pitching for Memphis Redbirds : RHP David Murphy
|
|
Pitching: RHP Brian Sanderson
|
|
|
Batting: RHB Adam O'Hare
|
0-0: Called Strike 0-1: Ball 1-1: Swinging Strike 1-2: Strikes out swinging
|
|
Batting: RHB Pat Barton
|
0-0: Ground out 1-3 (Groundball, 13S, EV 71.9 MPH)
|
|
Batting: RHB Andy Wasierski
|
0-0: Ball 1-0: Foul Ball, location: 2F 1-1: Called Strike 1-2: Foul Ball, location: 2F 1-2: Foul Ball, location: 2F 1-2: SINGLE (Groundball, 6MD, EV 100.6 MPH)
|
|
Batting: RHB Brian Gargis
|
0-0: Called Strike 0-1: Ball 1-1: Ball 2-1: Ball 3-1: Ground out 4-3 (Groundball, 34, EV 100.0 MPH)
|
| Top of the 9th over - 0 runs, 1 hit, 0 errors, 1 left on base; Iowa 2 - Memphis 5 |
|